 Dungeon Crawl Stone Soup version 0.21-a0 (webtiles) character file.

581 Chiseanne the Covered (level 7, 0/49 HPs)
             Began as a Barachi Wanderer on May 19, 2017.
             Was an Initiate of Hepliaklqana.
             Slain by Blork the orc
             ... wielding a +0 scimitar
              (4 damage)
             ... on level 4 of the Dungeon.
             The game lasted 00:11:03 (5046 turns).

Chiseanne the Covered (Barachi Wanderer)            Turns: 5046, Time: 00:11:03

Health: 0/49       AC:  7    Str: 17    XL:     7   Next: 36%
Magic:  10/10      EV: 10    Int: 10    God:    Hepliaklqana [......]
Gold:   161        SH:  0    Dex: 18    Spells: 6/6 levels left

rFire    . . .     SeeInvis .   a - +3 whip (flame)
rCold    . . .     Gourm    .   (no shield)
rNeg     . . .     Faith    .   c - +1 ring mail
rPois    .         Spirit   .   (no helmet)
rElec    .         Reflect  .   (no cloak)
rCorr    +         Harm     .   (no gloves)
MR       .....                  (no boots)
Stlth    +.........             (no amulet)
Regen    0.2/turn               i - ring of resist corrosion
MPRegen  0.2/turn               r - +6 ring of dexterity

@: constricted, slow
A: +LOS, swims, reduced essence, slowness 1, strong legs 1
a: Hop, Recall Ancestor, Ancestor Identity, Renounce Religion


You were on level 4 of the Dungeon.
You worshipped Hepliaklqana.
Hepliaklqana was noncommittal.
You were very hungry.

You visited 1 branch of the dungeon, and saw 5 of its levels.
You also visited: Ossuary.

You collected 161 gold pieces.

Inventory:

Hand Weapons
 a - a +3 whip of flaming (weapon)
 w - a +0 battleaxe
Missiles
 b - 3 needles of paralysis
 e - 43 arrows
 f - 99 bolts
 g - 17 poisoned needles
 h - 100 stones (quivered)
 l - 6 tomahawks
 m - 2 throwing nets
Armour
 c - a +1 ring mail (worn)
Jewellery
 i - a ring of resist corrosion (left hand)
 r - a +6 ring of dexterity (right hand)
Wands
 p - a wand of confusion (45/48)
Scrolls
 q - a scroll of remove curse
Potions
 j - 4 potions of heal wounds
 k - 4 potions of haste
 n - a potion of agility {unknown}
 s - 2 potions of curing
 t - 2 potions of flight {unknown}
 u - a potion of resistance {unknown}
Comestibles
 d - 3 bread rations


   Skills:
 * Level 4.4 Fighting
 - Level 3.2 Maces & Flails
   Level 1.0 Bows
 * Level 5.7 Armour
 * Level 4.1 Dodging
 - Level 1.0 Stealth
 * Level 4.1 Evocations


You had 6 spell levels left.
You didn't know any spells.

Dungeon Overview and Level Annotations

Branches:
Dungeon (5/15)
 Temple: D:4-7

Altars:
Dithmenos
Hepliaklqana

Annotations:
D:4 Blork the orc; Chiseanne's ghost, amateur BaWn


Innate Abilities, Weirdness & Mutations

Shadows flee at your approach. (+LOS)
You can swim through water.
You cover ground slowly.
You can hop short distances.
Your life essence is reduced. (-10% HP)


Message History

The puff of flame hits something.
The ball python hisses angrily.
You hear some strange, mumbled words.
A puff of frost appears from out of thin air!
The puff of frost hits you! The ball python misses you.
The ball python barely misses you.
You hear some strange, mumbled words.
A puff of frost appears from out of thin air!
The puff of frost hits you!
* * * LOW HITPOINT WARNING * * *
The ball python barely misses you. x2
You hear some strange, mumbled words.
A puff of flame appears from out of thin air!
The puff of flame hits you!
* * * LOW HITPOINT WARNING * * *
The ball python closely misses you. The ball python grabs you.
* * * LOW HITPOINT WARNING * * *
The ball python constricts you.
The ball python's grasp on you weakens, but your attempt to escape fails.
Something hits you.
You die...

...............##..##.##.
...............##.W##.##.
.....#####............###
..... ........##......#
.... #........#..#.# ....
#..##...###.#.##
.....#####..##...###.....
........S#..##.....##...<
#@{..##...........
###...###.###.#..#
#............##.#
###.##..........#..
#....#........#.###
#....#.............
#....#............#
#Ro...........#.#..
##o............#...#


You could see a ball python.

Vanquished Creatures
  A phantom (D:4)
  A water moccasin zombie (Ossuary)
  A scorpion (D:4)
  A howler monkey (D:4)
  2 centaur skeletons (D:4)
  3 big kobold zombies (Ossuary)
  2 mummies (Ossuary)
  6 adders
  A howler monkey skeleton (D:4)
  An ooze (D:1)
  7 adder zombies (Ossuary)
  An adder skeleton (D:4)
  4 worms
  2 dart slugs
  A leopard gecko (D:1)
  11 bats
  4 giant cockroaches
  4 gnoll zombies (Ossuary)
  12 hobgoblins
  9 jackals
  4 quokkas
  A ball python (D:3)
  4 frilled lizards
  9 goblins
  2 hobgoblin zombies (Ossuary)
  5 kobolds
  6 kobold zombies (Ossuary)
  3 orc zombies (Ossuary)
  15 rats
123 creatures vanquished.

Notes
Turn   | Place    | Note
-------+----------+-------------------------------------------
     0 | D:1      | Chiseanne the Barachi Wanderer began the quest for the Orb.
     0 | D:1      | Chiseanne set off with: a wand of confusion (15/48), a +0 mace, a +0 ring mail, a bread ration
     0 | D:1      | Reached XP level 1. HP: 15/15 MP: 1/1
   235 | D:1      | Reached XP level 2. HP: 17/22 MP: 2/2
   553 | D:1      | Reached skill level 1 in Dodging
   584 | D:1      | Reached XP level 3. HP: 24/27 MP: 4/4
  1054 | D:2      | Reached skill level 4 in Armour
  1695 | D:2      | Reached XP level 4. HP: 31/34 MP: 5/5
  2671 | D:3      | HP: 1/34 [poisoned by an adder]
  2694 | D:3      | Reached XP level 5. HP: 17/40 MP: 6/6
  3074 | D:3      | Found a shadowy altar of Dithmenos.
  3699 | D:4      | Found a sand-covered staircase.
  3837 | Ossuary  | Entered an ossuary
  4093 | Ossuary  | Reached XP level 6. HP: 37/47 MP: 8/8
  4249 | Ossuary  | Reached skill level 5 in Armour
  4790 | D:4      | Reached XP level 7. HP: 34/54 MP: 9/9
  4902 | D:4      | Noticed Chiseanne's ghost (amateur BaWn)
  4922 | D:5      | Entered Level 5 of the Dungeon
  4977 | D:4      | Found a hazy altar of Hepliaklqana.
  4980 | D:4      | Became a worshipper of Hepliaklqana the Forgotten
  5030 | D:4      | Noticed Blork the orc
  5046 | D:4      | Slain by Blork the orc

Vault maps used:
D:1:      scummos_arrival_gate
D:3:      nicolae_dithmenos_through_a_glass_darkly
D:4:      kennysheep_mini, enter_ossuary_2, uniq_blork_the_orc
D:5:      first_bread, serial_shops, shop, uniq_pikel, uniq_sigmund
Ossuary:  ossuary_tomb_2

Skill      XL: |  1  2  3  4  5  6  7 |
---------------+----------------------+-----
Fighting       | 2 3 4 |  4.4
Dodging        | 1 2 3 4 |  4.1
Armour         | 4 5 |  5.7
Evocations     | 2 3 4 |  4.1
Maces & Flails | |  3.2
Bows           | |  1.0
Stealth        | |  1.0

Action                   |  1- 3 |  4- 6 |  7- 9 || total
-------------------------+-------+-------+-------++-------
Melee: Mace              |   119 |   175 |       ||   294
       Whip              |       |   181 |    18 ||   199
Invok: Ancestor Identity |       |       |     1 ||     1
 Abil: Hop               |       |     1 |       ||     1
Evoke: Wand              |       |     1 |       ||     1
  Use: Scroll            |     4 |     8 |     1 ||    13
       Potion            |       |     1 |       ||     1
  Eat: Chunk             |     3 |     8 |       ||    11
       Fruit             |       |     1 |       ||     1
       Royal jelly       |       |     1 |       ||     1
Armor: Ring mail         |    56 |   200 |     5 ||   261
Dodge: Dodged            |    99 |   320 |    16 ||   435
